 Dungeon Sprint DCSS version 0.22.1-2-g9c5b331 (webtiles) character file.

2475 diana the Brawler (level 9, -19/101 HPs)
             Began as a Troll Hunter on Dec 22, 2018.
             Was a Believer of Okawaru.
             Killed from afar by Erolcha (21 damage)
             ... with a bolt of cold
             ... in the Dungeon (Sprint III: "The Ten Rune Challenge").
             The game lasted 00:06:19 (900 turns).

diana the Brawler (Troll Hunter)                     Turns: 900, Time: 00:06:19

Health: -19/101    AC:  5    Str: 27    XL:     9   Next: 27%
Magic:  9/9        EV: 10    Int:  7    God:    Okawaru [**....]
Gold:   5517       SH:  0    Dex: 10    Spells: 8/8 levels left

rFire    . . .     SeeInvis .     - Unarmed
rCold    . . .     Gourm    +   (no shield)
rNeg     . . .     Faith    .   b - +0 robe
rPois    .         Spirit   .   (helmet restricted)
rElec    .         Reflect  .   (no cloak)
rCorr    .         Harm     .   (gloves unavailable)
MR       .....     NoTele   +   (boots unavailable)
Stlth    +.........             (no amulet)
HPRegen  0.66/turn              (no ring)
MPRegen  0.11/turn              (no ring)

@: no status effects
A: large, unfitting armour, claws 3, fast metabolism 3, gourmand, mutation
resistance 1, regeneration 1, shaggy fur 1, strong 1, tough skin 2
a: Heroism, Renounce Religion


You were in the Dungeon.
You worshipped Okawaru.
Okawaru was pleased with you.
You were very full.

You visited 1 branch You collected 5517 gold pieces.

Inventory:

Missiles
 c - 5 large rocks (quivered)
 d - 2 throwing nets
Armour
 b - a +0 robe (worn)
Scrolls
 k - a scroll of blinking
 l - a scroll of magic mapping {unknown}
 m - a scroll of holy word {unknown}
 o - 4 scrolls of identify
 p - a scroll of torment {unknown}
 q - 2 scrolls of remove curse
Potions
 a - a potion of might
 e - a potion of curing
 g - 2 potions of heal wounds
 h - a potion of haste
 i - 2 potions of magic
 j - a potion of berserk rage
 n - 4 potions of flight
Miscellaneous
 s - a sack of spiders
Comestibles
 f - 5 rations


   Skills:
 + Level 10.2 Fighting
 - Level 3.6 Throwing
 + Level 2.3 Armour
 + Level 3.0 Dodging
 - Level 0.3 Stealth
 * Level 15.9 Unarmed Combat
 + Level 2.6 Invocations


You had 8 spell levels left.
You didn't know any spells.
Your spell library contained the following spells:

 Spells                   Type           Power        Failure   Level  Hunger
 Confusing Touch          Hex            #.....       43%         1    ##.....
 Confuse                  Hex            #.......     80%         3    ####...
 Gell's Gravitas          Tloc           #.........   80%         3    ####...
 Petrify                  Tmut/Erth      #.......     99%         4    #####..
 Metabolic Englaciation   Hex/Ice        #.........   100%        5    ######.
 Yara's Violent Unravell  Hex/Tmut       #.........   100%        5    ######.


Dungeon Overview and Level Annotations

Branches:
Dungeon (1/1)

Altars:
Cheibriados
Dithmenos
Elyvilon
Fedhas
Gozag
Hepliaklqana
Kikubaaqudgha
Makhleb
Nemelex Xobeh
Okawaru
Qazlal
Ru
Sif Muna
Trog
Uskayaw
Vehumet
Wu Jian
Xom
Yredelemnul
Zin
The Shining One
Beogh
Jiyva
Lugonu

Shops:
D [

Annotations:
D Erolcha


Innate Abilities, Weirdness & Mutations

You are too large for most types of armour.
You have claws for hands.
Your metabolism is lightning-fast.
You like to eat raw meat.
Your natural rate of healing is unusually fast.
You are covered in fur. (AC +1)
You have very tough skin. (AC +2)
You are somewhat resistant to further mutation.
Your muscles are strong. (Str +2)


Message History

The two-headed ogre hits you with a giant club!
You eviscerate the two-headed ogre!!!
You kill the two-headed ogre!
Okawaru is honoured by your kill.
Your Armour skill increases to level 2!
Your Dodging skill increases to level 3!
Your Invocations skill increases to level 2!
Erolcha points at you and mumbles some strange words.
The bolt of cold hits you!
You are too injured to fight recklessly!
Erolcha gestures at you while chanting. The crystal spear hits you!
* * * LOW HITPOINT WARNING * * *
Things that are here:
a giant spiked club; a giant club; a two-headed ogre corpse You claw Erolcha! x2
Erolcha is moderately wounded.
Erolcha gestures at you while chanting. The bolt of cold hits you!
You die...

#._#..........#
#÷##.........##
...#)..)......#
...#.#..##.####
##'#.####.##
...#'##############
...#....#.#.#.....#
...##.#..#.##)###.#
..))##.#.#.##.#O@##
...#)..#..#..##..+
▓▓▓▓▓▓▓▓▓▓▓▓▓▓▓▓▓#


You could see Erolcha.

Vanquished Creatures
  A deep elf mage (D)
  A shadow (D)
  A spatial vortex (D)
  2 orc warriors (D)
  A necrophage (D)
  5 two-headed ogres (D)
  A water elemental (D)
  A scorpion (D)
  3 orc priests (D)
  A jelly (D)
  4 orc wizards (D)
  A wizard (D)
  Jessica (D)
  A necromancer (D)
  3 humans (D)
  A kobold demonologist (D)
  An ooze (D)
  9 orcs (D)
  2 rats (D)
40 creatures vanquished.

Vanquished Creatures (others)
  2 draconian scorchers (D)
  A hydra (D)
  6 hellions (D)
  2 yaktaurs (D)
  4 plants (D)
15 creatures vanquished.

Grand Total: 55 creatures vanquished

Notes
Turn   | Place    | Note
-------+----------+-------------------------------------------
     0 | D        | diana the Troll Hunter began the quest for the Orb.
     0 | D        | Reached XP level 1. HP: 19/19 MP: 0/0
    16 | D        | Reached skill level 2 in Unarmed Combat
    46 | D        | Noticed Jessica
    54 | D        | Killed Jessica
    54 | D        | Reached skill level 4 in Unarmed Combat
    54 | D        | Reached XP level 2. HP: 10/31 MP: 1/1
    54 | D        | Reached XP level 3. HP: 12/37 MP: 2/2
    64 | D        | Killed a hellion
   140 | D        | Reached skill level 5 in Unarmed Combat
   165 | D        | Killed a white draconian scorcher
   180 | D        | Killed a hellion
   180 | D        | Killed a hellion
   190 | D        | Killed a hellion
   192 | D        | Noticed a scorpion
   198 | D        | Killed a yaktaur
   201 | D        | Killed a scorpion
   201 | D        | Reached skill level 7 in Unarmed Combat
   201 | D        | Reached XP level 4. HP: 41/49 MP: 3/3
   215 | D        | Killed a five-headed hydra
   246 | D        | Gained mutation: Your spells are a little harder to cast,
                  | but a little more powerful. [potion of mutation]
   246 | D        | Gained mutation: You tend to lose your temper in combat.
                  | [potion of mutation]
   246 | D        | Gained mutation: You are weak. (Str -2) [potion of
                  | mutation]
   246 | D        | Gained mutation: You expend magic power (3 MP) to
                  | strengthen your wands. [potion of mutation]
   246 | D        | Killed a hellion
   247 | D        | Lost mutation: You tend to lose your temper in combat.
                  | [potion of mutation]
   247 | D        | Lost mutation: Your spells are a little harder to cast, but
                  | a little more powerful. [potion of mutation]
   247 | D        | Lost mutation: You are weak. (Str -2) [potion of mutation]
   247 | D        | Gained mutation: Your mind is acute. (Int +2) [potion of
                  | mutation]
   247 | D        | Gained mutation: Your flesh is cold resistant. (rC+)
                  | [potion of mutation]
   248 | D        | Lost mutation: You expend magic power (3 MP) to strengthen
                  | your wands. [potion of mutation]
   248 | D        | Lost mutation: Your mind is acute. (Int +2) [potion of
                  | mutation]
   248 | D        | Gained mutation: Armour fits poorly on your strangely
                  | shaped body. [potion of mutation]
   248 | D        | Gained mutation: You are partially covered in iridescent
                  | scales. (AC +2) [potion of mutation]
   249 | D        | Lost mutation: Armour fits poorly on your strangely shaped
                  | body. [potion of mutation]
   249 | D        | Lost mutation: Your flesh is cold resistant. (rC+) [potion
                  | of mutation]
   249 | D        | Lost mutation: You are partially covered in iridescent
                  | scales. (AC +2) [potion of mutation]
   249 | D        | Gained mutation: You are somewhat resistant to further
                  | mutation. [potion of mutation]
   249 | D        | Gained mutation: Your muscles are strong. (Str +2) [potion
                  | of mutation]
   256 | D        | Noticed a water elemental
   256 | D        | Killed a white draconian scorcher
   261 | D        | Killed a water elemental
   261 | D        | Reached skill level 5 in Fighting
   261 | D        | Reached skill level 8 in Unarmed Combat
   261 | D        | Reached XP level 5. HP: 39/57 MP: 4/4
   296 | D        | Found a radiant altar of Vehumet.
   296 | D        | Found a deep blue altar of Sif Muna.
   296 | D        | Found an ancient bone altar of Kikubaaqudgha.
   300 | D        | Reached skill level 9 in Unarmed Combat
   313 | D        | Found a glowing silver altar of Zin.
   313 | D        | Found a glowing golden altar of the Shining One.
   313 | D        | Found a white marble altar of Elyvilon.
   314 | D        | Noticed a deep elf mage
   323 | D        | Killed a deep elf mage
   323 | D        | Reached skill level 12 in Unarmed Combat
   323 | D        | Reached XP level 6. HP: 25/72 MP: 5/5
   323 | D        | Reached XP level 7. HP: 27/79 MP: 6/6
   332 | D        | Killed a hellion
   406 | D        | Found a hide-covered altar of Uskayaw.
   406 | D        | Found a roughly hewn altar of Beogh.
   406 | D        | Found an iron altar of Okawaru.
   406 | D        | Found a bloodstained altar of Trog.
   406 | D        | Found an ornate altar of the Wu Jian Council.
   406 | D        | Noticed a human
   406 | D        | Noticed a human
   409 | D        | Killed a human
   409 | D        | Reached skill level 13 in Unarmed Combat
   416 | D        | Killed a human
   423 | D        | Became a worshipper of Warmaster Okawaru
   453 | D        | Found a basalt altar of Yredelemnul.
   453 | D        | Found a shadowy altar of Dithmenos.
   453 | D        | Found a sacrificial altar of Ru.
   455 | D        | Reached XP level 8. HP: 91/91 MP: 7/7
   479 | D        | Reached skill level 14 in Unarmed Combat
   488 | D        | Found a blossoming altar of Fedhas.
   488 | D        | Found a stormy altar of Qazlal.
   488 | D        | Found a snail-covered altar of Cheibriados.
   488 | D        | Found a burning altar of Makhleb.
   488 | D        | Found a shimmering altar of Xom.
   489 | D        | Found a hazy altar of Hepliaklqana.
   489 | D        | Found an opulent altar of Gozag.
   489 | D        | Found a sparkling altar of Nemelex Xobeh.
   489 | D        | Found a corrupted altar of Lugonu.
   489 | D        | Found a viscous altar of Jiyva.
   556 | D        | Reached * piety under Okawaru
   559 | D        | Killed a yaktaur
   652 | D        | Noticed a two-headed ogre
   661 | D        | Killed a two-headed ogre
   661 | D        | Reached skill level 15 in Unarmed Combat
   743 | D        | Found Fuvutz's Antique Armour Shoppe.
   788 | D        | Reached skill level 10 in Fighting
   788 | D        | Reached skill level 1 in Invocations
   788 | D        | Reached XP level 9. HP: 94/101 MP: 8/8
   790 | D        | Reached skill level 1 in Armour
   806 | D        | Reached ** piety under Okawaru
   895 | D        | Noticed a two-headed ogre
   895 | D        | Noticed Erolcha
   898 | D        | Killed a two-headed ogre
   899 | D        | HP: 2/101 [Erolcha/crystal spear (48)]
   900 | D        | Killed from afar by Erolcha

Skill      XL: |  1  2  3  4  5  6  7  8  9 |
---------------+----------------------------+-----
Fighting       | 3 4 5 7 8 10 | 10.2
Unarmed Combat | 4 7 8 12 13 15 | 15.9
Dodging        | 2 3 |  3.0
Invocations    | 1 2 |  2.6
Armour         | 2 |  2.3
Throwing       | |  3.6
Stealth        | |  0.3

Action                   |  1- 3 |  4- 6 |  7- 9 || total
-------------------------+-------+-------+-------++-------
Melee: Short sword       |    41 |       |       ||    41
       Unarmed           |     4 |    14 |    80 ||    98
       Punch             |     1 |       |     7 ||     8
  Use: Potion            |       |     4 |       ||     4
 Stab: Sleeping          |     1 |     1 |       ||     2
  Eat: Chunk             |     5 |       |     7 ||    12
Armor: Robe              |    11 |     1 |     6 ||    18
Dodge: Dodged            |    19 |     3 |    20 ||    42
